 Dungeon Crawl Stone Soup version 0.31-a0-219-g8d62b2e7bb (webtiles) character file.

Game seed: 8706150179918215171

106 qw the Chopper (level 4, -1/28 HPs)
             Began as a Gargoyle Fighter on July 3, 2023.
             Slain by Ijyb
             ... wielding a +0 club
              (2 damage)
             ... on level 3 of the Dungeon.
             The game lasted 00:01:00 (1573 turns).

qw the Chopper (Gargoyle Fighter)                   Turns: 1573, Time: 00:01:01

Health: -1/28      AC:  8    Str: 22    XL:     4   Next: 84%
Magic:  4/4        EV:  6    Int:  8    God:
Gold:   99         SH:  4    Dex:  9    Spells: 3/3 levels left

rFire   . . .        Y - +2 war axe
rCold   . . .        c - +0 buckler
rNeg    + . .        i - +0 plate armour
rPois   inf          (no helmet)
rElec   +            (no cloak)
rCorr   .            (no gloves)
SInv    .            l - +0 pair of boots
Will    .....        (no amulet) Stlth
                     (no ring)
HPRegen 0.24/turn    (no ring)
MPRegen 0.09/turn

%: no passive effects
@: corroded
A: sickness immunity, AC +3, negative energy resistance 1, electricity
resistance, torment resistance 1, petrification resistance
a: no special abilities


You were on level 3 of the Dungeon.
You visited 1 branch of the dungeon, and saw 3 of its levels.

You collected 120 gold pieces.
You spent 21 gold pieces at shops.


Innate Abilities, Weirdness & Mutations

You are immune to sickness and miasma.
Your stone body is resilient. (AC +3)
You are immune to poison.
You resist negative energy. (rN+)
You are resistant to electric shocks. (rElec)
You are resistant to unholy torment.
You are immune to petrification.


   Skills:
 - Level 3.2 Fighting
 + Level 4.4 Axes
 - Level 3.2 Armour
 - Level 3.2 Shields


You had 3 spell levels left.
You didn't know any spells.
Your spell library was empty.

Inventory:

Hand Weapons
 b - a +0 morningstar
 Y - a +2 war axe (weapon)
Armour
 c - a +0 buckler (worn)
 i - a +0 plate armour (worn)
 l - a +0 pair of boots (worn)
Scrolls
 a - a scroll of identify
Potions
 d - a potion of might
 g - a potion of berserk rage {unknown}
 k - a potion of heal wounds {unknown}
 m - a potion of enlightenment {unknown}

Dungeon Overview and Level Annotations

Branches:
Dungeon (3/15)

Altars:

Shops:
D:2 *

Annotations:
D:3 Ijyb, Robin


Message History

You slash the goblin!
You kill the goblin!
You slash Ijyb!
The hobgoblin no longer looks unusually strong.
Ijyb hits you but does no damage. Ijyb barely misses you.
Robin roars a battlecry!
The goblins go into a battle-frenzy!
The hobgoblin hits you but does no damage.
You hit Ijyb but do no damage.
Ijyb is heavily wounded.
You closely miss the hobgoblin. The hobgoblin hits you.
Ijyb hits you but does no damage.
You hit Ijyb but do no damage.
Ijyb is heavily wounded.
You slash the hobgoblin!
You kill the hobgoblin!
Ijyb hits you with a +0 club.
You hit Ijyb.
Ijyb is severely wounded.
You hit the endoplasm but do no damage.
The endoplasm hits you but does no damage.
Ijyb zaps a wand.
The bolt of acid misses you.
The now-empty wand crumbles to dust.
You closely miss Ijyb.
Ijyb is severely wounded.
You hit the endoplasm but do no damage. Ijyb closely misses you.
The endoplasm freezes you.
You are frozen.
Ijyb hits you with a +0 club. You block the endoplasm's attack.
You hit Ijyb but do no damage.
Ijyb is severely wounded.
You hit the endoplasm.
The endoplasm hits you but does no damage.
Ijyb hits you with a +0 club.
You hit Ijyb.
Ijyb is almost dead.
You hit the endoplasm.
You kill the endoplasm!
Ijyb hits you with a +0 club.
You die...

# #.# #.# #.#
#.. #.# #.#
###
#####)#...###
#....@g......
#.####%#.....
#.# g.. ...
############.#
#.... .
...........#.#
#.....
#######....#.#
.....
##...#..#.#
....
#..####.#.#
.... #.##
#.#.#


You could see Ijyb (strong) and Robin.

Vanquished Creatures
  A gnoll (D:1)
  4 adders
  2 dart slugs (D:1)
  An orc (D:3)
  3 endoplasms
  3 giant cockroaches
  9 goblins
  8 hobgoblins
  A jackal (D:3)
  3 quokkas
  7 ball pythons
  4 bats
  7 kobolds
  4 rats
57 creatures vanquished.

Notes
Turn   | Place    | Note
-------+----------+-------------------------------------------
     0 | D:1      | qw the Gargoyle Fighter began the quest for the Orb.
     0 | D:1      | Reached XP level 1. HP: 14/14 MP: 1/1
     0 | D:1      | 0 ||| qw: Version: 0.3-a-40-ge99b1a8
     0 | D:1      | 0 ||| qw: Game counter: 343
     0 | D:1      | 0 ||| qw: Melee chars always use a shield: true
     0 | D:1      | 0 ||| qw: God list: Okawaru
     0 | D:1      | 0 ||| qw: Allow faded altars: false
     0 | D:1      | 0 ||| qw: Do Orc after clearing Dungeon:15 true
     0 | D:1      | 0 ||| qw: Do second Lair branch before Depths: true
     0 | D:1      | 0 ||| qw: Lair rune preference: random
     0 | D:1      | 0 ||| qw: Goals: Normal, Zot:1-4, Slime:5, God:TSO, Crypt,
                  | Tomb, Abyss, Pan, Hells, Win
     0 | D:1      | 0 ||| PLANNING D:1-11
    26 | D:1      | Reached skill level 2 in Axes
    99 | D:1      | 99 ||| Stepping ~*~*~tactically~*~*~ (hiding).
   105 | D:1      | Reached XP level 2. HP: 19/19 MP: 2/2
   277 | D:1      | 277 ||| Stepping ~*~*~tactically~*~*~ (stealth).
   389 | D:1      | Reached skill level 3 in Axes
   389 | D:1      | Reached XP level 3. HP: 23/23 MP: 3/3
   397 | D:1      | 397 ||| DROPPING +0 whip.
   550 | D:1      | 550 ||| Stepping ~*~*~tactically~*~*~ (stealth).
   678 | D:1      | 678 ||| READING 2 scrolls labelled GAYKKI HUNUN.
   762 | D:2      | Found Neiqefu's Assorted Antiques.
   774 | D:2      | 774 ||| SHOPLISTING moonstone ring (105 gold, have 43).
   774 | D:2      | 774 ||| BUYING scroll labelled XUIXAV RUPTIEST (21 gold).
   774 | D:2      | Bought a scroll labelled XUIXAV RUPTIEST for 21 gold pieces
   774 | D:2      | 774 ||| SHOPLISTING scroll of identify (42 gold, have 22).
   905 | D:2      | Reached XP level 4. HP: 21/28 MP: 4/4
   952 | D:2      | Reached skill level 4 in Axes
  1159 | D:2      | 1159 ||| UPGRADING to +0 plate armour.
  1169 | D:2      | 1169 ||| DROPPING +0 scale mail.
  1170 | D:2      | 1170 ||| UPGRADING to +0 pair of boots.
  1175 | D:2      | 1175 ||| READING scroll labelled DUATAI OJAROPT.
  1176 | D:2      | 1176 ||| READING scroll labelled XUIXAV RUPTIEST.
  1177 | D:2      | 1177 ||| READING scroll labelled MAHAAN TOMYCKE.
  1180 | D:2      | 1180 ||| READING scroll labelled VENKUUTZOASO.
  1181 | D:2      | 1181 ||| READING scroll labelled IFFONN YCWETT.
  1182 | D:2      | 1182 ||| READING 2 scrolls of identify.
  1182 | D:2      | 1182 ||| IDENTIFYING fizzy silvery potion
  1183 | D:2      | 1183 ||| DROPPING potion of brilliance.
  1304 | D:3      | 1304 ||| DROPPING +0 flail.
  1348 | D:3      | 1348 ||| READING scroll of enchant weapon.
  1348 | D:3      | 1348 ||| ENCHANTING +1 war axe.
  1452 | D:3      | 1452 ||| Stepping ~*~*~tactically~*~*~ (hiding).
  1547 | D:3      | 1547 ||| Stepping ~*~*~tactically~*~*~ (stealth).
  1551 | D:3      | Noticed Ijyb
  1551 | D:3      | 1551 ||| Stepping ~*~*~tactically~*~*~ (hiding).
  1553 | D:3      | Noticed Robin
  1571 | D:3      | HP: 5/28 [Ijyb/+0 club (5)]
  1572 | D:3      | HP: 1/28 [Ijyb/+0 club (4)]
  1573 | D:3      | Slain by Ijyb

Levels and vault maps discovered:
D:1:      sevenhm_arrival_forest_fort_small_6, layout_loops_ring
D:2:      layout_rooms, serial_shops, nicolae_shop_window_shopping,
          kennysheep_generic_room_14
D:3:      minmay_general_purpose_star, layout_loops_ring, serial_forest,
          infiniplex_forest_lined_2, infiniplex_forest_clump_curved,
          infiniplex_forest_lined_3_way, infiniplex_forest_lined_2,
          infiniplex_forest_clump_tiny, infiniplex_forest_end_double,
          infiniplex_forest_end_1, nicolae_goblin_pals

Skill      XL: |  1  2  3  4 |
---------------+-------------+-----
Axes           | 2 3 4 |  4.4
Fighting       | |  3.2
Armour         | |  3.2
Shields        | |  3.2

Action                     |  1- 3 |  4- 6 || total
---------------------------+-------+-------++-------
  Melee: War axe           |   111 |    55 ||   166
    Use: Scroll            |     1 |     7 ||     8
 Armour: Scale mail        |    53 |     3 ||    56
         Plate armour      |       |    34 ||    34
  Dodge: Dodged            |    57 |    19 ||    76
  Block: Buckler           |    23 |     7 ||    30

Table legend:
 A = Non-vault XP
 B = Vault XP
 C = Vault XP percentage of total XP
 D = Non-vault monster count
 E = Vault monster count
 F = Vault count percentage of total count
                 A         B        C        D         E       F
            +---------+---------+-------+---------+---------+-------
      Total |     133 |      21 |  13.6 |      47 |      10 |  17.5
            +---------+---------+-------+---------+---------+-------
        D:1 |      55 |       0 |   0.0 |      25 |       0 |   0.0
        D:2 |      51 |       0 |   0.0 |      11 |       0 |   0.0
        D:3 |      27 |      21 |  43.8 |      11 |      10 |  47.6
            +---------+---------+-------+---------+---------+-------
